 Dungeon Crawl Stone Soup version 0.28.0-53-g5a82cb258f (webtiles) character file.

Game seed: 11473493213481315743

11139 Tiocfaidh the Frost Mage (level 11, -5/80 HPs)
             Began as a Merfolk Ice Elementalist on July 3, 2022.
             Was a Priest of Vehumet.
             Slain by a skeletal warrior
             ... wielding a +0 hand axe
             ... led by a skeletal warrior
              (18 damage)
             ... on level 11 of the Dungeon on July 4, 2022.
             The game lasted 01:09:29 (11995 turns).

Tiocfaidh the Frost Mage (MfIE)                    Turns: 11995, Time: 01:09:30

Health: -5/80      AC: 20    Str:  9    XL:     11   Next: 73%
Magic:  23/23      EV: 15    Int: 19    God:    Vehumet [***...]
Gold:   684        SH:  0    Dex: 14    Spells: 16/27 levels left

rFire   . . .      SeeInvis .   y - +7 war axe "Newtbane" {speed, Will+}
rCold   . . .      Faith    .   (no shield)
rNeg    . . .      Spirit   .   (no armour)
rPois   .          Reflect  .   (no helmet)
rElec   .          Harm     .   m - +2 cloak
rCorr   .          Rampage  .   b - +1 pair of gloves
Will    +....                   l - +2 pair of boots
Stlth   +++.......              G - amulet of magic regeneration
HPRegen 0.23/turn               k - +4 ring of protection
MPRegen 0.58/turn               j - +4 ring of slaying

@: ice-armoured, hasted, very quick
A: (nimble swimmer 2), mertail
a: Renounce Religion


You were on level 11 of the Dungeon.
You worshipped Vehumet.
Vehumet was most pleased with you.
You visited 2 branches of the dungeon, and saw 12 of its levels.
You also visited: Ossuary and Bailey.

You collected 809 gold pieces.
You spent 125 gold pieces at shops.

Inventory:

Hand Weapons
 x - a +4 rapier of draining
 y - the +7 war axe "Newtbane" (weapon) {speed, Will+}
   (You found it on level 5 of the Dungeon)

   Attacks with this weapon are significantly faster.
   Will:      It increases your willpower.
Missiles
 e - 7 poisoned darts
 D - a throwing net
Armour
 a - a +0 robe
 b - a +1 pair of gloves (worn)
 l - a +2 pair of boots (worn)
 m - a +2 cloak (worn)
Jewellery
 c - a ring of fire
 j - a +4 ring of slaying (right hand)
 k - a +4 ring of protection (left hand)
 w - a ring of ice
 B - a ring of protection from cold
 G - an amulet of magic regeneration (around neck)
Wands
 f - a wand of acid (3)
 i - a wand of polymorph (11)
 s - a wand of digging (5)
 t - a wand of charming (7)
Scrolls
 d - 3 scrolls of fear {unknown}
 n - 2 scrolls of fog
 o - 3 scrolls of silence {unknown}
 v - a scroll of enchant weapon {unknown}
 z - a scroll of magic mapping {unknown}
 A - 2 scrolls of teleportation
 F - a scroll of holy word {unknown}
Potions
 g - 4 potions of curing
 h - a potion of haste
 p - a potion of ambrosia {unknown}
 q - 3 potions of brilliance
 r - a potion of resistance {unknown}
 u - a potion of berserk rage {unknown}
 C - 2 potions of might
 E - 2 potions of magic {unknown}


   Skills:
 + Level 5.4 Fighting
 + Level 2.9 Short Blades
 + Level 8.0(8.1) Axes
 + Level 1.2(5.1) Maces & Flails
 + Level 7.5 Dodging
 + Level 5.6 Stealth
 + Level 8.6 Spellcasting
 + Level 0.3 Translocations
 + Level 9.5 Ice Magic
 + Level 2.0 Air Magic
 + Level 2.2 Poison Magic
 + Level 1.1 Evocations


You had 16 spell levels left.
You knew the following spells:

 Your Spells              Type           Power      Damage    Failure   Level
a - Freeze                Ice            100%       1d11      1%          1
b - Frozen Ramparts       Ice            88%        1d10      1%          3
c - Ozocubu's Armour      Ice            44%        N/A       1%          3
d - Blink                 Tloc           18%        N/A       11%         2
e - Poisonous Vapours     Pois/Air       32%        N/A       1%          2

Your spell library contained the following spells:

 Spells                   Type           Power      Damage    Failure   Level
 Iskenderun's Mystic Bla  Conj/Tloc      8%         2d4       21%         4
 Hailstorm                Conj/Ice       26%        3d7       3%          4
 Inner Flame              Hex/Fire       8%         N/A       7%          3
 Corpse Rot               Necr/Air       24%        N/A       9%          2
 Lesser Beckoning         Tloc           9%         N/A       22%         3
 Summon Guardian Golem    Hex/Summ       8%         N/A       26%         3
 Irradiate                Conj/Tmut      4%         3d14      50%         5
 Cause Fear               Hex            4%         N/A       65%         4
 Manifold Assault         Tloc           9%         N/A       90%         5
 Blade Hands              Tmut           4%         N/A       94%         5
 Dragon Form              Tmut           4%         N/A       100%        7
 Orb of Destruction       Conj           4%         9d5       100%        7
 Spellforged Servitor     Conj/Summ      4%         N/A       100%        7
 Discord                  Hex            4%         N/A       100%        8


Dungeon Overview and Level Annotations

Branches:
Dungeon (11/15)            Temple (1/1) D:6            Lair (0/6) D:9
    Orc (0/2) D:10        Ossuary (visited)          Bailey (visited)

Altars:
Dithmenos
Elyvilon
Uskayaw
Vehumet

Shops:
D:9 [

Annotations:
D:8 Harold
D:9 exclusion: ice statue


Innate Abilities, Weirdness & Mutations

((You are very nimble when in or above water. (Stealth+, EV+, Speed+++)))
Your lower body shifts to a powerful aquatic tail in water.


Message History

The skeletal warrior hits you but does no damage.
You hit the skeletal warrior but do no damage.
The skeletal warrior is heavily damaged.
The frozen ramparts melt away.
The skeletal warrior misses you.
Casting: Frozen Ramparts (safe; 1% risk of failure)
Confirm with . or Enter, or press ? or * to list all spells.
Casting: Frozen Ramparts (safe; 1% risk of failure)
Press: ? - help, Dir - look around, f - activate
Okay, then.
Casting: Frozen Ramparts (safe; 1% risk of failure)
Confirm with . or Enter, or press ? or * to list all spells.
A film of ice covers your body!
The skeletal warrior hits you with a +0 hand axe!
You slice the skeletal warrior!!
The skeletal warrior is severely damaged.
You hit the skeletal warrior but do no damage.
The skeletal warrior is severely damaged.
The skeletal warrior completely misses you.
You hit the skeletal warrior.
The skeletal warrior is severely damaged.
The skeletal warrior misses you.
You hit the skeletal warrior but do no damage.
The skeletal warrior is severely damaged.
You hit the skeletal warrior.
The skeletal warrior is almost destroyed.
The skeletal warrior closely misses you.
You closely miss the skeletal warrior.
The skeletal warrior is almost destroyed.
The skeletal warrior closely misses you.
You hit the skeletal warrior but do no damage.
The skeletal warrior is severely damaged.
The skeletal warrior hits you with a +0 hand axe!
* * * LOW HITPOINT WARNING * * *
You feel yourself speed up. The skeletal warrior barely misses you.
You hit the skeletal warrior.
The skeletal warrior is almost destroyed.
You barely miss the skeletal warrior.
The skeletal warrior is almost destroyed.
The skeletal warrior hits you with a +0 hand axe!!
You die...

###.##.#.#.#
.........#.#
.........#.######
.........#.#....### #
.....#.#.#......... .#
###..#.#.#......### #..
.#.....#.##.(........
.#.......##...#########.
.#.......##.....@z....[.
.#.#.....##.#########.##
...#....>##...#
..#########...# ..#
#...# ..## #...# ...#
#...# ##.# #...#.... #.#
#...#####


You could see a skeletal warrior.

Vanquished Creatures
  2 two-headed ogres
  Pikel (D:5)
  2 orc knights (Bailey)
  Maggie (D:7)
  A troll (D:11)
  A hornet (D:10)
  Prince Ribbit (D:6)
  Eustachio (D:5)
  A shadow (D:10)
  Grum (D:8)
  16 yaks
  2 vampire mosquitoes (D:10)
  A warg (D:10)
  A water moccasin (D:8)
  An ice beast (D:7)
  5 orc warriors
  A black bear (D:5)
  3 sky beasts
  2 ogres
  2 wolves (D:8)
  3 centaurs
  A phantom (D:7)
  3 lemures (D:5)
  A kobold brigand (D:8)
  Blork the orc (D:4)
  A bullfrog (D:7)
  5 scorpions
  A water moccasin zombie (D:5)
  A gnoll sergeant (D:8)
  2 water moccasin skeletons (D:7)
  8 killer bees
  A howler monkey (D:9)
  5 centaur zombies
  8 orc priests
  5 hounds
  2 jellies
  A centaur skeleton (D:7)
  A bullfrog skeleton (D:6)
  3 iguanas
  Ijyb (D:5)
  6 orc wizards
  2 killer bee zombies
  A hound skeleton (D:4)
  2 howler monkey zombies
  7 mummies
  4 gnolls (D:8)
  4 adders
  A shadow imp (D:8)
  2 white imps
  An ufetubus (D:5)
  An adder zombie (D:5)
  3 worms
  4 dart slugs
  38 orcs
  4 bats
  3 endoplasms
  6 goblins
  7 hobgoblins
  7 kobolds
  A quokka (D:5)
  6 ball pythons
  5 frilled lizards
  2 hobgoblin zombies (D:4)
  6 rats
  A butterfly (D:6)
224 creatures vanquished.

Vanquished Creatures (others)
  4 fungi (D:9)
  A plant (D:9)
  6 toadstools (D:9)
11 creatures vanquished.

Grand Total: 235 creatures vanquished

Notes
Turn   | Place    | Note
-------+----------+-------------------------------------------
     0 | D:1      | Tiocfaidh the Merfolk Ice Elementalist began the quest for
                  | the Orb.
     0 | D:1      | Reached XP level 1. HP: 13/13 MP: 3/3
   280 | D:1      | Reached XP level 2. HP: 13/19 MP: 3/5
   884 | D:2      | Reached skill level 5 in Ice Magic
   894 | D:2      | Reached XP level 3. HP: 20/24 MP: 4/6
  1128 | D:2      | Noticed a scorpion
  1149 | D:2      | Found a white marble altar of Elyvilon.
  1824 | D:3      | Reached XP level 4. HP: 28/30 MP: 4/7
  2487 | D:4      | Found a sand-covered staircase.
  2542 | Ossuary  | Entered an ossuary
  2763 | Ossuary  | Learned a level 3 spell: Frozen Ramparts
  2928 | Ossuary  | Reached XP level 5. HP: 25/36 MP: 1/9
  3167 | D:4      | Noticed Blork the orc
  3182 | D:4      | Killed Blork the orc
  3183 | D:4      | Reached skill level 1 in Short Blades
  3183 | D:4      | Reached skill level 6 in Ice Magic
  3183 | D:4      | Reached XP level 6. HP: 18/42 MP: 2/11
  3747 | D:4      | Found a hide-covered altar of Uskayaw.
  3777 | D:5      | Entered Level 5 of the Dungeon
  3804 | D:5      | Reached skill level 1 in Fighting
  3933 | D:5      | Reached XP level 7. HP: 48/48 MP: 5/13
  3948 | D:5      | Noticed Pikel
  4264 | D:5      | Reached skill level 7 in Ice Magic
  4269 | D:5      | Reached skill level 5 in Spellcasting
  4487 | D:5      | Noticed Ijyb
  4582 | D:5      | Killed Pikel
  4583 | D:5      | Reached XP level 8. HP: 28/54 MP: 8/17
  4717 | D:5      | Learned a level 3 spell: Ozocubu's Armour
  4795 | D:5      | Killed Ijyb
  4827 | D:5      | Noticed Eustachio
  4962 | D:5      | Reached skill level 8 in Ice Magic
  4998 | D:5      | Killed Eustachio
  4999 | D:5      | Reached skill level 1 in Maces & Flails
  5085 | D:5      | Identified the +7 war axe "Newtbane" {speed, Will+}
  5215 | D:6      | Reached skill level 5 in Dodging
  5236 | D:6      | Found a staircase to the Ecumenical Temple.
  5272 | Temple   | Entered the Ecumenical Temple
  5299 | Temple   | Became a worshipper of Vehumet
  5530 | D:6      | Reached XP level 9. HP: 61/61 MP: 19/19
  5617 | D:6      | Noticed Prince Ribbit
  5625 | D:6      | Killed Prince Ribbit
  5626 | D:6      | Reached skill level 1 in Axes
  6076 | D:7      | Noticed Maggie
  6097 | D:7      | Killed Maggie
  6097 | D:7      | Reached * piety under Vehumet
  6097 | D:7      | Offered knowledge of Sandblast by Vehumet.
  6586 | D:8      | Noticed Harold
  6758 | D:8      | Noticed Grum
  6764 | D:8      | Reached skill level 5 in Axes
  6764 | D:8      | Reached XP level 10. HP: 69/70 MP: 16/20
  6764 | D:8      | Noticed a two-headed ogre
  6772 | D:8      | Killed Grum
  6992 | D:8      | Learned a level 2 spell: Blink
  6995 | D:8      | Learned a level 2 spell: Poisonous Vapours
  7449 | D:8      | Killed a two-headed ogre
  7614 | D:9      | Found a flagged portal.
  7670 | Bailey   | Entered a bailey
  7709 | Bailey   | Reached ** piety under Vehumet
  7709 | Bailey   | Offered knowledge of Foxfire by Vehumet.
  7912 | Bailey   | Noticed an orc knight
  7913 | Bailey   | Noticed an orc knight
  7952 | Bailey   | Killed an orc knight
  8255 | Bailey   | Killed an orc knight
  8256 | Bailey   | Reached skill level 9 in Ice Magic
  8256 | Bailey   | Reached skill level 1 in Air Magic
  8256 | Bailey   | Reached skill level 1 in Poison Magic
  8607 | D:9      | Noticed a two-headed ogre
  9106 | D:9      | Reached skill level 1 in Evocations
  9177 | D:9      | Found a staircase to the Lair.
  9377 | D:9      | Killed a two-headed ogre
  9378 | D:9      | Reached XP level 11. HP: 35/78 MP: 15/23
  9808 | D:9      | Found Cufupp's Antique Armour Shop.
  9905 | D:9      | Bought an opalescent robe for 125 gold pieces
  9905 | D:9      | Identified the +0 robe "Cowah" {-Cast Harm rCorr Slay+4}
                  | (You bought it in a shop on level 9 of the Dungeon)
 10196 | D:10     | Entered Level 10 of the Dungeon
 10247 | D:10     | Identified the +5 rapier "Lorem Ipsum" {vorpal, *Slow rC-
                  | rN+++ Dex+5}
 10478 | D:10     | Reached skill level 5 in Stealth
 10975 | D:10     | Found a staircase to the Orcish Mines.
 11105 | D:10     | Offered knowledge of Ignite Poison by Vehumet.
 11228 | D:10     | Reached skill level 5 in Fighting
 11273 | D:10     | Reached *** piety under Vehumet
 11666 | D:11     | Offered knowledge of Iskenderun's Mystic Blast by Vehumet.
 11786 | D:11     | Noticed an eight-headed hydra
 11970 | D:11     | Noticed a skeletal warrior
 11995 | D:11     | Slain by a skeletal warrior

Illustrated notes

Levels and vault maps discovered:
D:1:      dpeg_arrival_three_same_balls, layout_loops_ring
D:2:      minmay_chambers_of_ones, layout_basic, basic_altar,
          mrwooster_statue_mirror, st_stairs_7, kennysheep_boxes
D:3:      layout_loops_ring
D:4:      layout_gridville, kennysheep_mini, nicolae_ossuary_entry_giza,
          uniq_blork_the_orc
D:5:      layout_basic, uniq_pikel, uniq_ijyb, uniq_eustachio
D:6:      layout_loops_ring, minmay_temple_entry_butterflies,
          uniq_prince_ribbit1, uniq_grinder
D:7:      layout_rooms, uniq_maggie
D:8:      layout_loops_ring, corexii_leaking_fountain, minmay_strange_pillars,
          minmay_misc_feat_iff, uniq_grum, uniq_harold
D:9:      lemuel_ice_statue, layout_stronghold, dpeg_oklobed_lair,
          enter_bailey_8, serial_shops, shop, minmay_gold_behind_fungi,
          hangedman_abyss_or_decor_clamps
D:10:     layout_basic, david_orc_3, nicolae_lava_and_water
D:11:     layout_basic, serial_co_window_serial, co_window_paths_b,
          co_window_paths_a, co_window_paths_a, co_window_paths_a,
          co_window_of_opportunity_a, co_window_corner_a, co_window_corner_a,
          co_window_of_opportunity_b, co_window_broadway_c, co_window_corner_b,
          co_window_4corner_a, glass_columns_a, glass_columns_a,
          glass_columns_b, glass_columns_b
Temple:   mainiacjoe_temple_trianglar_array

Skill      XL: |  1  2  3  4  5  6  7  8  9 10 11 |
---------------+----------------------------------+-----
Ice Magic      | 5 6 7 8 9 |  9.5
Spellcasting   | 3 4 6 7 8 |  8.6
Dodging        | 3 4 5 6 7 |  7.5
Short Blades   | 1 2 |  2.9
Stealth        | 3 4 5 |  5.6
Fighting       | 1 2 3 4 5 |  5.4
Maces & Flails | 1 |  1.2
Axes           | 5 6 8 |  8.0
Air Magic      | 1 2 |  2.0
Poison Magic   | 2 |  2.2
Evocations     | 1 |  1.1
Translocations | |  0.3

Action                   |  1- 3 |  4- 6 |  7- 9 | 10-12 || total
-------------------------+-------+-------+-------+-------++-------
Melee: Unarmed           |     3 |       |       |       ||     3
       Short sword       |    17 |    64 |    23 |       ||   104
       Tailslap          |     1 |       |       |       ||     1
       Punch             |       |     3 |     6 |     4 ||    13
       Flail             |       |       |    56 |       ||    56
       War axe           |       |       |   130 |   257 ||   387
 Cast: Freeze            |    49 |    41 |    25 |       ||   115
       Frozen Ramparts   |       |     8 |    23 |    20 ||    51
       Ozocubu's Armour  |       |       |     5 |     1 ||     6
       Poisonous Vapours |       |       |       |    20 ||    20
       Blink             |       |       |       |     1 ||     1
Evoke: Wand              |       |       |     3 |     4 ||     7
  Use: Scroll            |       |     7 |     8 |     6 ||    21
       Potion            |       |       |     1 |     6 ||     7
 Stab: Sleeping          |     7 |     2 |     1 |     7 ||    17
       Distracted        |       |       |       |     2 ||     2
Armor: Robe              |     7 |    28 |    89 |    33 ||   157
       Skin              |       |       |    34 |    33 ||    67
Dodge: Dodged            |    32 |    54 |   190 |   201 ||   477
